 Dungeon Crawl Stone Soup version 0.30-a0-965-g42e074c17a (webtiles) character file.

Game seed: 10696671493655392480

7 sircluck the Sneak (level 2, 0/22 HPs)
             Began as a Naga Hedge Wizard on Mar 31, 2023.
             Slain by a ball python (2 damage)
             ... on level 1 of the Dungeon.
             The game lasted 00:01:37 (336 turns).

sircluck the Sneak (Naga Hedge Wizard)               Turns: 336, Time: 00:01:37

Health: 0/22       AC:  1    Str: 12    XL:     2   Next: 4%
Magic:  1/6        EV:  9    Int: 14    God:
Gold:   12         SH:  0    Dex: 10    Spells: 6/7 levels left

rFire   . . .      SeeInvis +    a - +0 dagger
rCold   . . .      Faith    .    (no shield)
rNeg    . . .      Spirit   .    b - +0 robe
rPois   +          Reflect  .    c - +0 hat
rElec   .          Rampage  .    (no cloak)
rCorr   .                        (no gloves)
Will    .....                    (no barding)
Stlth   ++                       (no amulet)
HPRegen 0.23/turn                (no ring)
MPRegen 0.10/turn                (no ring)

@: very slow
A: AC +0, large, see invisible, deformed body, poison resistance, slowness 2,
spit poison 1, naga tail 1
a: Spit Poison


You were on level 1 of the Dungeon.
You visited 1 branch of the dungeon, and saw 2 of its levels.

You collected 12 gold pieces.

Inventory:

Hand Weapons
 a - a +0 dagger (weapon)
Missiles
 f - 6 stones
Armour
 b - a +0 robe (worn)
 c - a +0 hat (worn)
Scrolls
 e - 2 scrolls of magic mapping {unknown}
 g - a scroll of teleportation {unknown}
Potions
 d - a potion of magic
 h - a potion of cancellation {unknown}


   Skills:
 + Level 1.5 Dodging
 + Level 3.2 Stealth
 + Level 3.2 Spellcasting
 + Level 1.3 Conjurations
 + Level 1.0 Summonings
 + Level 1.0 Translocations


You had 6 spell levels left.
You knew the following spells:

 Your Spells              Type           Power      Damage    Failure   Level
a - Magic Dart            Conj           20%        1d4       12%         1

Your spell library contained the following spells:

 Spells                   Type           Power      Damage    Failure   Level
 Summon Small Mammal      Summ           20%        N/A       14%         1
 Slow                     Hex            8%         N/A       22%         1
 Blink                    Tloc           10%        N/A       22%         2
 Call Imp                 Summ           5%         N/A       22%         2
 Cigotuvi's Dreadful Rot  Necr/Pois/Air  4%         N/A       32%         2
 Call Canine Familiar     Summ           5%         N/A       38%         3
 Summon Guardian Golem    Hex/Summ       3%         N/A       45%         3
 Mephitic Cloud           Conj/Pois/Air  3%         N/A       47%         3


Dungeon Overview and Level Annotations

Branches:
Dungeon (2/15)

Altars:


Innate Abilities, Weirdness & Mutations

Your serpentine skin is tough. (AC +0)
You have supernaturally acute eyesight. (SInv)
Armour fits poorly on your strangely shaped body.
Your system is resistant to poisons. (rPois)
You cover ground very slowly.
You can spit poison.
You have a snake-like lower body.


Message History

The magic dart hits the dart slug.
The dart slug is moderately wounded.
A jackal comes into view.
The magic dart hits the dart slug.
The dart slug is severely wounded.
The jackal barks!
The dart slug launches a dart at you. The slug dart hits you.
The magic dart hits the jackal.
The jackal is moderately wounded.
The magic dart hits the jackal.
The jackal is severely wounded.
The jackal enters a dispersal trap!
The dart slug blinks!
You blink.
Found 14 gold pieces.
The jackal blinks!
You barely miss the jackal.
The jackal is severely wounded.
The jackal bites you but does no damage.
A ball python comes into view.
The jackal bites you.
You closely miss the jackal.
The jackal is severely wounded.
The ball python hisses angrily.
A jackal comes into view.
The jackal bites you.
The jackal moves out of view.
You hit the jackal.
You kill the jackal!
You have reached level 2!
You are out of magic!
You are out of magic!
Found a dented emerald amulet.
The ball python bites you. x2
You closely miss the ball python. The ball python bites you.
You barely miss the ball python. The ball python bites you.
The dart slug launches a dart at you. The slug dart hits you.
* * * LOW HITPOINT WARNING * * *
You closely miss the ball python.
The jackal barks!
The ball python bites you.
You die...

#.# #.# #.#
##.##########
#...........#
#...........#
...^........#
#............#
........@....#
##......wS.......
##..............
.....h.........
#.....$........
#........#.....
#........#...."
#........#.....


You could see a dart slug, a jackal and a ball python.

Vanquished Creatures
  A giant cockroach (D:1)
  A jackal (D:1)
  3 bats (D:1)
  A frilled lizard (D:1)
  A kobold (D:1)
  2 rats (D:1)
9 creatures vanquished.

Notes
Turn   | Place    | Note
-------+----------+-------------------------------------------
     0 | D:1      | sircluck the Naga Hedge Wizard began the quest for the Orb.
     0 | D:1      | Reached XP level 1. HP: 15/15 MP: 4/4
   332 | D:1      | Reached XP level 2. HP: 12/22 MP: 0/6
   336 | D:1      | Slain by a ball python

Illustrated notes

Levels and vault maps discovered:
D:1:      mainiacjoe_arrival_reflecting_pool, layout_basic
D:2:      layout_basic, shapermc_ecumenical_altar_petra, uniq_terence,
          uniq_robin

Action                     || total
---------------------------++-------
  Melee: Dagger            ||    19
   Cast: Magic Dart        ||    15
 Armour: Robe              ||     4
  Dodge: Dodged            ||    10

Table legend: (Time is in decaauts)
 A = Elapsed time spent in this place.
 B = Non-inter-level travel time spent in this place.
 C = Inter-level travel time spent in this place.
 D = Time resting spent in this place.
 E = Time spent auto-exploring this place.
 F = Levels seen in this place.
 G = Mean time per level.
                   A        B        C        D        E       F      G
               +--------+--------+--------+--------+--------+-----+--------+
         Total |    436 |    379 |     57 |      0 |    116 |   2 |  218.0 |
       Dungeon |    436 |    379 |     57 |      0 |    116 |   2 |  218.0 |
               +--------+--------+--------+--------+--------+-----+--------+

Top non-repeatable levels by time:
     D:1: 434 daAuts
     D:2: 1 daAuts
